 Dungeon Crawl Stone Soup version 0.29-a0-8-g0446c0dae4 (webtiles) character file.

Game seed: 18365365613039063646

1894 sanka the Conjurer (level 9, -1/97 HPs)
             Began as a Gnoll Conjurer on Jan 27, 2022.
             Was a Believer of Ashenzari.
             Slain by an orc wizard (2 damage)
             ... on level 6 of the Dungeon.
             The game lasted 00:08:24 (6838 turns).

sanka the Conjurer (Gnoll Conjurer)                 Turns: 6838, Time: 00:08:25

Health: -1/97      AC: 24    Str:  6    XL:     9   Next: 15%
Magic:  1/18       EV:  2    Int: 21    God:    Ashenzari [**....]
Gold:   260        SH:  0    Dex: 12    Spells: 13/20 levels left

rFire   . . .      SeeInvis +     - Unarmed
rCold   . . .      Faith    .   (no shield)
rNeg    . . .      Spirit   .   (armour currently unavailable)
rPois   +          Reflect  .   (helmet currently unavailable)
rElec   .          Harm     .   (cloak currently unavailable)
rCorr   .          Rampage  .   (gloves currently unavailable)
Will    +....      NoTele   +   (boots currently unavailable)
Stlth   +++.......              (no amulet)
HPRegen 0.26/turn               r - ring of Ashenzari's Fetters {Will+, Elem, Alch} (curse)
MPRegen 0.16/turn               i - ring "Thunder Perfect Mind" {EV+4, Elem, Evo} (curse)

@: tree-form, mesmerised, studying Stealth
A: stationary, stasis, torment immunity, boosted hp, (fangs 1), strong nose,
distributed training
a: Renounce Religion, Curse Item, Shatter the Chains


You were on level 6 of the Dungeon.
You worshipped Ashenzari.
Ashenzari was pleased with you.
You were a tree.
You visited 1 branch of the dungeon, and saw 6 of its levels.

You collected 260 gold pieces.


Innate Abilities, Weirdness & Mutations

You are a tree.
Your roots penetrate the ground, keeping you stationary.
You cannot be teleported.
You are immune to unholy pain and torment.
Your maximum health is greatly increased.
Your equipment is partially melded.
((You have very sharp teeth.))
Your uncanny sense of smell can sniff out nearby items.
Your experience applies equally to all skills.


   Skills:
 + Level 4.0 Fighting
 + Level 4.0 Short Blades
 + Level 4.0 Long Blades
 + Level 4.0 Axes
 + Level 4.0 Maces & Flails
 + Level 4.0 Polearms
 + Level 4.0 Staves
 + Level 4.0 Slings
 + Level 4.0 Bows
 + Level 4.0 Crossbows
 + Level 4.0 Throwing
 + Level 4.0 Armour
 + Level 6.1 Dodging
 + Level 6.1 Stealth
 + Level 4.0 Shields
 + Level 4.0 Unarmed Combat
 + Level 6.4 Spellcasting
 + Level 7.9 Conjurations
 + Level 3.2 Hexes
 + Level 3.2 Summonings
 + Level 3.2 Necromancy
 + Level 3.2 Translocations
 + Level 3.2(4.3) Transmutations
 + Level 3.2(4.9) Fire Magic
 + Level 3.2(4.9) Ice Magic
 + Level 3.2(4.9) Air Magic
 + Level 3.2(4.9) Earth Magic
 + Level 3.2(4.3) Poison Magic
 + Level 4.3 Invocations
 + Level 4.0(5.1) Evocations


You had 13 spell levels left.
You knew the following spells:

 Your Spells              Type           Power      Damage    Failure   Level
x - Searing Ray           Conj           80%        2d7       1%          2
z - Magic Dart            Conj           100%       1d8       1%          1
Z - Fulminant Prism       Conj/Hex       15%        3d11      10%         4

Your spell library contained the following spells:

 Spells                   Type           Power      Damage    Failure   Level
 Dazzling Flash           Conj/Hex       60%        N/A       2%          3
 Iskenderun's Mystic Bla  Conj/Tloc      30%        2d8       10%         4

Inventory:

Hand Weapons
 b - a +0 flail
Missiles
 k - a throwing net {=f}
 u - 3 curare-tipped darts {=f}
Armour
 d - the cursed +0 robe "At What Cost Knowledge?" (melded) {Comp, Self}

   It has a curse which improves the following skills: Companions: Summonings
   and Necromancy.
   Introspection: Fighting and Spellcasting.
 h - a +2 robe of willpower
 n - the cursed +0 cloak of Ashenzari's Ordeal (melded) {Comp, Cun}

   It has a curse which improves the following skills: Companions: Summonings
   and Necromancy.
   Cunning:   Dodging and Stealth.
Magical Staves
 a - a staff of conjuration {!a}
Jewellery
 i - the cursed ring "Thunder Perfect Mind" (right branch) {EV+4, Elem, Evo}

   [ring of evasion]

   EV:        It affects your evasion (+4).
   It has a curse which improves the following skills: Elements: Fire Magic, Ice
   Magic, Air Magic and Earth Magic.
   Evocations: Evocations.
 q - a ring of protection from fire
 r - the cursed ring of Ashenzari's Fetters (left branch) {Will+, Elem, Alch}

   [ring of willpower]

   Will:      It increases your willpower.
   It has a curse which improves the following skills: Elements: Fire Magic, Ice
   Magic, Air Magic and Earth Magic.
   Alchemy:   Poison Magic and Transmutations.
Wands
 t - a wand of iceblast (10)
Scrolls
 e - a scroll of blinking
 f - a scroll of amnesia
 l - 3 scrolls of fog
 m - a scroll of enchant armour
 o - 2 scrolls of fear
Potions
 c - a potion of berserk rage {!q}
 g - a potion of lignification {!q}
 j - a potion of cancellation
 p - 4 potions of ambrosia
 s - a potion of mutation {!q}

Dungeon Overview and Level Annotations

Branches:
Dungeon (6/15)
 Temple: D:4-7

Altars:
Ashenzari
Elyvilon
Fedhas
Gozag
Kikubaaqudgha
Nemelex Xobeh
Okawaru
Wu Jian
Zin

Annotations:
D:6 Maggie

, ,░ ▒..▒ ░░
░ ░ ▒▒.▒▒ ,
▒▒▒░ ▒▒▒.▒▒ ,
░...▒ ▒▒..▒▒
...▒ ▒▒^.▒▒
▒..▒ ▒..▒▒ ░
▒..▒ ▒..▒
▒..▒▒ ▒..▒
▒.♣▒▒ ▒..▒
▒▒o@▒▒ ▒▒.▒
▒▒.)▒▒ ▒▒.▒
▒▒.>▒▒ ▒..▒
▒▒).▒▒▒..▒▒▒
▒▒........▒░░
▒▒...........
▒......▒▒▒▒▒░
▒....▒▒▒ ░


You could see Maggie (mesmerising) and an orc wizard (invisible).


Message History

Maggie hits you with a +2 war axe of flaming.
Maggie burns you.
b - a +0 flail (weapon)
Maggie hits you with a +2 war axe of flaming!!
Maggie burns you.
* * * LOW HITPOINT WARNING * * *
You hit Maggie but do no damage. You punch Maggie, but do no damage.
Maggie is severely wounded.
Maggie hits you with a +2 war axe of flaming!
* * * LOW HITPOINT WARNING * * *
Maggie burns you.
* * * LOW HITPOINT WARNING * * *
Really quaff
g - 2 potions of lignification {!q}?
Really quaff the potion of lignification?
You turn into a tree.
Your roots penetrate the ground.
Maggie barely misses you.
You are now empty-handed.
You smack Maggie!
Maggie is severely wounded.
Maggie gestures at you while chanting. The bolt of fire hits you!
* * * LOW HITPOINT WARNING * * *
The orc wizard hits you but does no damage.
You hit Maggie but do no damage.
Maggie is severely wounded.
Maggie hits you but does no damage.
The orc wizard hits you with a +0 dagger.
You die...

Action                   |  1- 3 |  4- 6 |  7- 9 || total
-------------------------+-------+-------+-------++-------
Melee: Flail             |       |       |     7 ||     7
       Bite              |       |       |     3 ||     3
       Unarmed           |       |       |     2 ||     2
       Punch             |       |       |     1 ||     1
 Cast: Magic Dart        |    47 |    70 |   152 ||   269
       Searing Ray       |     3 |     2 |    22 ||    27
Invok: Curse Item        |       |     1 |     3 ||     4
  Use: Potion            |       |       |     1 ||     1
Armor: Robe              |     3 |     3 |     5 ||    11
       Skin              |       |       |     2 ||     2
Dodge: Dodged            |     3 |     9 |    41 ||    53

Levels and vault maps discovered:
D:1:      ncdulo_wetmaze, layout_rooms, patterned_corridor
D:2:      layout_basic, basic_altar, chequers_ecumenical_altar_simple,
          chequers_arboretum, kennysheep_generic_room_2, uniq_terence
D:3:      layout_basic, grunt_temple_overflow_open,
          ebering_ghost_reflecting_pool, serial_shops,
          nicolae_shop_window_shopping, uniq_natasha, uniq_sigmund
D:4:      layout_layer_cave, corexii_shack, corner_web_ring, eino_tiny_chamber
D:5:      layout_gridville, minmay_manual_mess, uniq_blork_the_orc
D:6:      layout_layer_cave, general_overflow_altar, uniq_maggie

Notes
Turn   | Place    | Note
-------+----------+-------------------------------------------
     0 | D:1      | sanka the Gnoll Conjurer began the quest for the Orb.
     0 | D:1      | Reached XP level 1. HP: 13/13 MP: 6/6
   155 | D:1      | Reached XP level 2. HP: 19/19 MP: 5/7
   633 | D:2      | Noticed Terence
   638 | D:2      | Learned a level 2 spell: Searing Ray
   653 | D:2      | Reached skill level 5 in Spellcasting
   653 | D:2      | Reached XP level 3. HP: 25/25 MP: 4/9
   750 | D:2      | Found a faded altar of an unknown god.
   944 | D:2      | Killed Terence
   945 | D:2      | Reached skill level 1 in Fighting
   945 | D:2      | Reached skill level 1 in Short Blades
   945 | D:2      | Reached skill level 1 in Long Blades
   945 | D:2      | Reached skill level 1 in Axes
   945 | D:2      | Reached skill level 1 in Maces & Flails
   945 | D:2      | Reached skill level 1 in Polearms
   945 | D:2      | Reached skill level 1 in Staves
   945 | D:2      | Reached skill level 1 in Slings
   945 | D:2      | Reached skill level 1 in Bows
   945 | D:2      | Reached skill level 1 in Crossbows
   945 | D:2      | Reached skill level 1 in Throwing
   945 | D:2      | Reached skill level 1 in Armour
   945 | D:2      | Reached skill level 1 in Shields
   945 | D:2      | Reached skill level 1 in Unarmed Combat
   945 | D:2      | Reached skill level 1 in Invocations
   945 | D:2      | Reached skill level 1 in Evocations
  1143 | D:2      | Reached XP level 4. HP: 32/32 MP: 8/11
  1435 | D:2      | Found a sparkling altar of Nemelex Xobeh.
  1454 | D:2      | Reached skill level 1 in Hexes
  1454 | D:2      | Reached skill level 1 in Summonings
  1454 | D:2      | Reached skill level 1 in Necromancy
  1454 | D:2      | Reached skill level 1 in Translocations
  1454 | D:2      | Reached skill level 1 in Transmutations
  1454 | D:2      | Reached skill level 1 in Fire Magic
  1454 | D:2      | Reached skill level 1 in Ice Magic
  1454 | D:2      | Reached skill level 1 in Air Magic
  1454 | D:2      | Reached skill level 1 in Earth Magic
  1454 | D:2      | Reached skill level 1 in Poison Magic
  1483 | D:2      | Reached XP level 5. HP: 37/37 MP: 6/12
  1715 | D:3      | Found a white marble altar of Elyvilon.
  1716 | D:3      | Found an iron altar of Okawaru.
  1732 | D:3      | Found a broken altar of Ashenzari.
  1732 | D:3      | Found a glowing silver altar of Zin.
  1732 | D:3      | Found an opulent altar of Gozag.
  1734 | D:3      | Found an ornate altar of the Wu Jian Council.
  1734 | D:3      | Found a blossoming altar of Fedhas.
  1735 | D:3      | Found an ancient bone altar of Kikubaaqudgha.
  1741 | D:3      | Became a worshipper of Ashenzari the Shackled
  1936 | D:3      | Noticed Sigmund
  1940 | D:3      | Killed Sigmund
  1941 | D:3      | Reached skill level 5 in Dodging
  1941 | D:3      | Reached skill level 2 in Invocations
  1941 | D:3      | Reached XP level 6. HP: 29/44 MP: 8/14
  2119 | D:3      | Reached skill level 2 in Fighting
  2119 | D:3      | Reached skill level 2 in Short Blades
  2119 | D:3      | Reached skill level 2 in Long Blades
  2119 | D:3      | Reached skill level 2 in Axes
  2119 | D:3      | Reached skill level 2 in Maces & Flails
  2119 | D:3      | Reached skill level 2 in Polearms
  2119 | D:3      | Reached skill level 2 in Staves
  2119 | D:3      | Reached skill level 2 in Slings
  2119 | D:3      | Reached skill level 2 in Bows
  2119 | D:3      | Reached skill level 2 in Crossbows
  2119 | D:3      | Reached skill level 2 in Throwing
  2119 | D:3      | Reached skill level 2 in Armour
  2119 | D:3      | Reached skill level 2 in Shields
  2119 | D:3      | Reached skill level 2 in Unarmed Combat
  2119 | D:3      | Reached skill level 2 in Evocations
  2265 | D:3      | Found a runed translucent door.
  2278 | D:3      | Noticed Natasha
  2284 | D:3      | Killed Natasha
  2317 | D:3      | Noticed sanka's ghost (weakling GnWn)
  2338 | D:3      | Found Talud's Magic Scroll Shop.
  2698 | D:3      | Noticed Natasha
  2702 | D:3      | Killed Natasha
  2890 | D:3      | Killed sanka's ghost
  2956 | D:4      | Reached XP level 7. HP: 48/51 MP: 9/15
  3664 | D:4      | Reached skill level 2 in Hexes
  3664 | D:4      | Reached skill level 2 in Summonings
  3664 | D:4      | Reached skill level 2 in Necromancy
  3664 | D:4      | Reached skill level 2 in Translocations
  3664 | D:4      | Reached skill level 2 in Transmutations
  3664 | D:4      | Reached skill level 2 in Fire Magic
  3664 | D:4      | Reached skill level 2 in Ice Magic
  3664 | D:4      | Reached skill level 2 in Air Magic
  3664 | D:4      | Reached skill level 2 in Earth Magic
  3664 | D:4      | Reached skill level 2 in Poison Magic
  3824 | D:4      | Reached * piety under Ashenzari
  4376 | D:5      | Entered Level 5 of the Dungeon
  4465 | D:5      | Reached skill level 5 in Stealth
  4465 | D:5      | Reached skill level 3 in Invocations
  4656 | D:5      | Reached ** piety under Ashenzari
  4938 | D:5      | Noticed Blork the orc
  4944 | D:5      | Killed Blork the orc
  4945 | D:5      | Reached XP level 8. HP: 60/60 MP: 11/18
  5021 | D:5      | Reached skill level 3 in Fighting
  5021 | D:5      | Reached skill level 3 in Short Blades
  5021 | D:5      | Reached skill level 3 in Long Blades
  5021 | D:5      | Reached skill level 3 in Axes
  5021 | D:5      | Reached skill level 3 in Maces & Flails
  5021 | D:5      | Reached skill level 3 in Polearms
  5021 | D:5      | Reached skill level 3 in Staves
  5021 | D:5      | Reached skill level 3 in Slings
  5021 | D:5      | Reached skill level 3 in Bows
  5021 | D:5      | Reached skill level 3 in Crossbows
  5021 | D:5      | Reached skill level 3 in Throwing
  5021 | D:5      | Reached skill level 3 in Armour
  5021 | D:5      | Reached skill level 3 in Shields
  5021 | D:5      | Reached skill level 3 in Unarmed Combat
  5021 | D:5      | Reached skill level 3 in Evocations
  5181 | D:5      | Reached skill level 6 in Spellcasting
  5364 | D:5      | Noticed a wyvern
  5364 | D:5      | Noticed an unseen horror
  5389 | D:5      | Killed an unseen horror
  5602 | D:5      | Killed a wyvern
  5603 | D:5      | Reached skill level 3 in Hexes
  5603 | D:5      | Reached skill level 3 in Summonings
  5603 | D:5      | Reached skill level 3 in Necromancy
  5603 | D:5      | Reached skill level 3 in Translocations
  5603 | D:5      | Reached skill level 3 in Transmutations
  5603 | D:5      | Reached skill level 3 in Fire Magic
  5603 | D:5      | Reached skill level 3 in Ice Magic
  5603 | D:5      | Reached skill level 3 in Air Magic
  5603 | D:5      | Reached skill level 3 in Earth Magic
  5603 | D:5      | Reached skill level 3 in Poison Magic
  5603 | D:5      | Reached skill level 4 in Invocations
  5812 | D:5      | Learned a level 4 spell: Fulminant Prism
  6216 | D:6      | Reached skill level 6 in Dodging
  6334 | D:6      | Reached XP level 9. HP: 50/67 MP: 13/20
  6354 | D:6      | Reached skill level 6 in Stealth
  6768 | D:6      | Found a sparkling altar of Nemelex Xobeh.
  6819 | D:6      | Identified +0 acid dragon scales
  6819 | D:6      | Noticed Maggie
  6822 | D:6      | Reached skill level 4 in Fighting
  6822 | D:6      | Reached skill level 4 in Short Blades
  6822 | D:6      | Reached skill level 4 in Long Blades
  6822 | D:6      | Reached skill level 4 in Axes
  6822 | D:6      | Reached skill level 4 in Maces & Flails
  6822 | D:6      | Reached skill level 4 in Polearms
  6822 | D:6      | Reached skill level 4 in Staves
  6822 | D:6      | Reached skill level 4 in Slings
  6822 | D:6      | Reached skill level 4 in Bows
  6822 | D:6      | Reached skill level 4 in Crossbows
  6822 | D:6      | Reached skill level 4 in Throwing
  6822 | D:6      | Reached skill level 4 in Armour
  6822 | D:6      | Reached skill level 4 in Shields
  6822 | D:6      | Reached skill level 4 in Unarmed Combat
  6822 | D:6      | Reached skill level 4 in Evocations
  6837 | D:6      | HP: 1/97 [Maggie/bolt of fire (17)]
  6838 | D:6      | Slain by an orc wizard

Vanquished Creatures
  An unseen horror (D:5)
  Sigmund (D:3)
  A wyvern (D:5)
  An orc warrior (D:6)
  An ice beast (D:5)
  2 sky beasts (D:5)
  A necrophage (D:4)
  A phantom (D:5)
  Blork the orc (D:5)
  A wyvern skeleton (D:5)
  A water moccasin skeleton (D:6)
  A wight (D:5)
  The ghost of sanka the Thrower, a weakling GnWn (D:3)
  A hound (D:4)
  A jelly (D:6)
  2 orc priests
  3 iguanas
  Terence (D:2)
  Natasha (twice) (D:3)
  4 orc wizards
  2 howler monkey zombies (D:6)
  3 gnolls (D:4)
  A howler monkey skeleton (D:6)
  2 adders
  An ufetubus (D:5)
  3 worms
  A dart slug (D:2)
  8 orcs
  3 ball pythons
  3 endoplasms
  7 giant cockroaches
  5 hobgoblins
  3 jackals (D:4)
  2 quokkas
  8 bats
  4 frilled lizards
  13 goblins
  3 kobolds
  5 rats
105 creatures vanquished.
